 Dungeon Crawl Stone Soup version 0.28.0-45-g0d030f2227 (webtiles) character file.

Game seed: 7604428043054627493

9 pkoi the Gusty (level 1, -1/14 HPs)
             Began as a Demigod Air Elementalist on Apr 11, 2022.
             Slain by a hobgoblin (4 damage)
             ... on level 1 of the Dungeon.
             The game lasted 00:00:56 (398 turns).

pkoi the Gusty (Demigod Air Elementalist)            Turns: 398, Time: 00:00:56

Health: -1/14      AC:  2    Str:  9    XL:     1   Next: 93%
Magic:  1/5        EV: 12    Int: 17    God:
Gold:   11         SH:  0    Dex: 14    Spells: 2/3 levels left

rFire   . . .      SeeInvis .   d - +0 trident
rCold   . . .      Faith    .   (no shield)
rNeg    . . .      Spirit   .   a - +0 robe
rPois   .          Reflect  .   (no helmet)
rElec   .          Harm     .   (no cloak)
rCorr   .          Rampage  .   (no gloves)
Will    .....                   (no boots)
Stlth   ++........              (no amulet)
HPRegen 0.04/turn               (no ring)
MPRegen 0.09/turn               (no ring)

@: no status effects
A: high MP 1, forlorn, divine attributes
a: no special abilities


You were on level 1 of the Dungeon.
You visited 1 branch of the dungeon, and saw 1 of its levels.

You collected 11 gold pieces.

Inventory:

Hand Weapons
 d - a +0 trident (weapon)
Armour
 a - a +0 robe (worn)
Scrolls
 c - a scroll of immolation {unknown}
Potions
 b - a potion of cancellation {unknown}


   Skills:
 - Level 1.7 Dodging
 - Level 1.7 Stealth
 - Level 1.7 Spellcasting
 - Level 0.8 Conjurations
 + Level 3.3 Air Magic


You had 2 spell levels left.
You knew the following spells:

 Your Spells              Type           Power      Damage    Failure   Level
a - Shock                 Conj/Air       32%        1d5       9%          1

Your spell library contained the following spells:

 Spells                   Type           Power      Damage    Failure   Level
 Static Discharge         Conj/Air       8%         N/A       13%         2
 Swiftness                Air            12%        N/A       16%         3
 Airstrike                Air            6%         N/A       45%         4


Dungeon Overview and Level Annotations

Branches:
Dungeon (1/15)


Innate Abilities, Weirdness & Mutations

You have an increased reservoir of magic. (+10% MP)
You shall have no god before yourself.
Your divine heritage dramatically boosts your attributes as you level up.


Message History

The hobgoblin shouts!
The zap hits the bat.
The bat is severely wounded.
You are too depleted to draw on your mana recklessly!
The bat closely misses you.
Your magical contamination has completely faded away.
You closely miss the bat.
The bat is severely wounded.
The bat hits you but does no damage. The bat hits you but does no damage.
You closely miss the bat.
The bat is severely wounded.
The bat misses you.
The bat barely misses you. x2; The bat closely misses you.
You barely miss the bat.
The bat is severely wounded.
The bat hits you but does no damage. The bat misses you.
You closely miss the bat.
The bat is severely wounded.
The bat hits you but does no damage. The bat barely misses you.
You hit the bat. You punch the bat, but do no damage.
The bat is severely wounded.
The bat misses you. The bat closely misses you.
You hit the bat.
You kill the bat!
The hobgoblin hits you.
You closely miss the hobgoblin. The hobgoblin closely misses you.
You closely miss the hobgoblin. The hobgoblin barely misses you.
You hit the hobgoblin.
The hobgoblin is severely wounded.
The hobgoblin misses you. The hobgoblin hits you.
* * * LOW HITPOINT WARNING * * *
You barely miss the hobgoblin.
The hobgoblin is severely wounded.
The hobgoblin hits you.
* * * LOW HITPOINT WARNING * * *
Aiming: Shock (safe; 9% risk of failure)
Press: ? - help, Q - select action Shift-Dir - straight line The hobgoblin hits you.
You die...

#..................#
#..................+
#..................#
#.......... #.#
#.......... #.#
........... #.#
......##### #.#
......#
#######g######.
.)...(#
#.....@........
......#
###.#############
....#####...#
..>.....#.#.##
.............#
...).....≈≈≈.#
###......≈?≈.#
#......≈≈≈..#
#...........#


You could see a hobgoblin.

Vanquished Creatures
  A dart slug (D:1)
  An endoplasm (D:1)
  3 kobolds (D:1)
  2 bats (D:1)
7 creatures vanquished.

Notes
Turn   | Place    | Note
-------+----------+-------------------------------------------
     0 | D:1      | pkoi the Demigod Air Elementalist began the quest for the
                  | Orb.
     0 | D:1      | Reached XP level 1. HP: 14/14 MP: 5/5
   126 | D:1      | Reached skill level 3 in Air Magic
   398 | D:1      | Slain by a hobgoblin

Illustrated notes

Levels and vault maps discovered:
D:1:      lightli_arrival_windingriver, layout_basic,
          corexii_item_surrounded_by_moat

Skill      XL: |  1 |
---------------+----+-----
Air Magic      | 3 |  3.3
Dodging        | |  1.7
Stealth        | |  1.7
Spellcasting   | |  1.7
Conjurations   | |  0.8

Action                   || total
-------------------------++-------
Melee: Trident           ||    10
       Punch             ||     1
 Cast: Shock             ||    14
Armor: Robe              ||     5
Dodge: Dodged            ||    14
